 Dungeon Crawl Stone Soup version 0.28.0-43-g3370ac3207 (webtiles) character file.

Game seed: 14241788699833727518

217 experimilk the Shooter (level 5, -1/44 HPs)
             Began as a Minotaur Hunter on Mar 12, 2022.
             Slain by a gnoll zombie (2 damage)
             ... in an ossuary.
             The game lasted 00:11:24 (2854 turns).

experimilk the Shooter (Minotaur Hunter)            Turns: 2854, Time: 00:11:24

Health: -1/44      AC:  4    Str: 18    XL:     5   Next: 62%
Magic:  4/4        EV: 12    Int:  8    God:
Gold:   89         SH:  0    Dex: 11    Spells: 1/4 levels left

rFire   . . .      SeeInvis .   a - +2 shortbow
rCold   . . .      Faith    .   (shield currently unavailable)
rNeg    . . .      Spirit   .   c - +1 leather armour
rPois   .          Reflect  .   (helmet restricted)
rElec   .          Harm     .   (no cloak)
rCorr   .          Rampage  .   (no gloves)
Will    .....                   (no boots)
Stlth   +.........              (no amulet)
HPRegen 0.14/turn               (no ring)
MPRegen 0.09/turn               (no ring)

@: no status effects
A: horns 2, retaliatory headbutt
a: no special abilities


You were in an ossuary.
You visited 1 branch of the dungeon, and saw 4 of its levels.
You also visited: Ossuary.

You collected 161 gold pieces.
You spent 72 gold pieces at shops.

Inventory:

Hand Weapons
 a - a +2 shortbow (weapon)
 b - a +1 whip of draining
 j - a +0 short sword
Missiles
 d - 12 arrows (quivered ammo)
Armour
 c - a +1 leather armour (worn)
Wands
 i - a wand of charming (11)
 r - a wand of paralysis (5)
Scrolls
 e - 4 scrolls of teleportation
 f - 2 scrolls of identify
 k - a scroll of fog
 m - a scroll of torment {unknown}
Potions
 g - 2 potions of cancellation
 h - 2 potions of curing {unknown}
 l - a potion of berserk rage {unknown}
 n - a potion of magic {unknown}
 p - a potion of lignification {unknown}
 q - 2 potions of flight


   Skills:
 + Level 2.9 Fighting
 + Level 1.0 Maces & Flails
 * Level 7.2 Bows
 + Level 1.0 Armour
 - Level 2.2 Dodging
 - Level 0.8 Stealth


You had one spell level left.
You knew the following spells:

 Your Spells              Type           Power      Damage    Failure   Level
a - Tukima's Dance        Hex            0%         N/A       83%         3

Your spell library contained the following spells:

 Spells                   Type           Power      Damage    Failure   Level
 Anguish                  Hex/Necr       0%         N/A       99%         4
 Enfeeble                 Hex            0%         N/A       100%        7


Dungeon Overview and Level Annotations

Branches:
Dungeon (4/15)            Ossuary (1/1)
 Temple: D:4-7

Altars:

Shops:
D:3 *=(?


Innate Abilities, Weirdness & Mutations

You have a pair of horns on your head.
You reflexively headbutt those who attack you in melee.


Message History

Aim: a water moccasin zombie (severely damaged, 63% to hit)
You shoot an arrow.
The arrow closely misses the water moccasin zombie.
The water moccasin zombie bites you.
* * * LOW HITPOINT WARNING * * *
The water moccasin zombie bites you.
* * * LOW HITPOINT WARNING * * *
There is an open door here.
Fire: 16 arrows
Press: ? - help, Q - select action, (/) - cycle Shift-Dir - straight line, f/p - water moccasin zombie
Aim: a water moccasin zombie (severely damaged, 63% to hit)
You shoot an arrow.
The arrow closely misses the water moccasin zombie.
The water moccasin zombie bites you but does no damage.
Fire: 15 arrows
Press: ? - help, Q - select action, (/) - cycle Shift-Dir - straight line, f/p - water moccasin zombie
Aim: a water moccasin zombie (severely damaged, 63% to hit)
You shoot an arrow.
The arrow hits the water moccasin zombie!
The water moccasin zombie is almost destroyed.
The water moccasin zombie barely misses you.
Fire: 14 arrows
Press: ? - help, Q - select action, (/) - cycle Shift-Dir - straight line, f/p - water moccasin zombie
Aim: a water moccasin zombie (almost destroyed, 63% to hit)
You shoot an arrow.
The arrow completely misses the water moccasin zombie.
The water moccasin zombie bites you.
* * * LOW HITPOINT WARNING * * *
The gnoll zombie hits you.
* * * LOW HITPOINT WARNING * * *
Fire: 13 arrows
Press: ? - help, Q - select action, (/) - cycle Shift-Dir - straight line, f/p - water moccasin zombie
Aim: a water moccasin zombie (almost destroyed, 63% to hit)
You shoot an arrow.
The arrow hits the water moccasin zombie.
The water moccasin zombie is almost destroyed.
The water moccasin zombie bites you.
* * * LOW HITPOINT WARNING * * *
The gnoll zombie hits you.
You die...

#...# #...#
Z..# .(# ###(#
#(((#
#...##### ###
#..Z#...#!!!!#
#..Z@.∩.#!((!+
#∩..#...#!???#
######### ###


You could see a water moccasin zombie and a gnoll zombie.

Vanquished Creatures
  A water moccasin zombie (Ossuary)
  A howler monkey (D:4)
  A gnoll (D:1)
  3 adders (D:3)
  An adder zombie (Ossuary)
  4 dart slugs
  2 orcs
  4 ball pythons
  4 bats
  9 endoplasms
  2 giant cockroaches
  A gnoll zombie (Ossuary)
  3 hobgoblins
  4 jackals (D:2)
  7 kobolds
  A quokka (D:1)
  5 frilled lizards
  6 goblins
  A hobgoblin zombie (Ossuary)
  A kobold zombie (Ossuary)
  An orc zombie (Ossuary)
  10 rats
72 creatures vanquished.

Vanquished Creatures (others)
  5 demonic plants (D:1)
  A fungus (D:1)
  A plant (D:1)
7 creatures vanquished.

Grand Total: 79 creatures vanquished

Notes
Turn   | Place    | Note
-------+----------+-------------------------------------------
     0 | D:1      | experimilk the Minotaur Hunter began the quest for the Orb.
     0 | D:1      | Reached XP level 1. HP: 18/18 MP: 0/0
   264 | D:1      | Reached XP level 2. HP: 25/25 MP: 1/1
   300 | D:1      | Reached skill level 5 in Bows
   319 | D:1      | Found a faded altar of an unknown god.
   513 | D:1      | Reached XP level 3. HP: 30/30 MP: 2/2
  1699 | D:2      | Reached skill level 6 in Bows
  1909 | D:3      | Reached XP level 4. HP: 37/37 MP: 3/3
  1940 | D:3      | Found Baemavon's Magic Scroll Shop.
  1970 | D:3      | Found Jyuwnoki's Antique Weapon Emporium.
  1976 | D:3      | Bought a scroll of teleportation for 36 gold pieces
  1976 | D:3      | Bought a scroll of teleportation for 36 gold pieces
  2007 | D:3      | Learned a level 3 spell: Tukima's Dance
  2214 | D:3      | Found Jyttobod's Assorted Antiques.
  2277 | D:3      | Found Ecwosh's Jewellery Emporium.
  2526 | D:4      | Reached skill level 7 in Bows
  2526 | D:4      | Reached XP level 5. HP: 28/42 MP: 4/4
  2783 | D:4      | Found a sand-covered staircase.
  2806 | Ossuary  | Entered an ossuary
  2845 | Ossuary  | Reached skill level 1 in Maces & Flails
  2845 | Ossuary  | Reached skill level 1 in Armour
  2854 | Ossuary  | HP: 1/44 [water moccasin zombie (3)]
  2854 | Ossuary  | Slain by a gnoll zombie

Illustrated notes

Levels and vault maps discovered:
D:1:      sevenhm_arrival_forest_fort_large_2, layout_rooms,
          shapermc_ecumenical_altar_gd
D:2:      layout_basic, chequers_garden
D:3:      layout_loops_ring, serial_shops, shop_scrolls, nicolae_diamond_shop,
          shop, shop
D:4:      minmay_clustersquares, layout_basic, chequers_ossuary_entry_cave
Ossuary:  ossuary_tomb_2

Skill      XL: |  1  2  3  4  5 |
---------------+----------------+-----
Bows           | 5 6 7 |  7.2
Maces & Flails | 1 |  1.0
Armour         | 1 |  1.0
Fighting       | |  2.9
Dodging        | |  2.2
Stealth        | |  0.8

Action                   |  1- 3 |  4- 6 || total
-------------------------+-------+-------++-------
Melee: Whip              |    36 |    24 ||    60
       Short sword       |     8 |       ||     8
       Headbutt          |     7 |     4 ||    11
       Punch             |     2 |       ||     2
 Fire: Shortbow          |    43 |    40 ||    83
  Use: Scroll            |     8 |     3 ||    11
Armor: Leather armour    |    13 |    11 ||    24
Dodge: Dodged            |    28 |    30 ||    58
